 Dungeon Crawl Stone Soup version 0.23.2-33-g5129a83184 (webtiles) character file.

Game seed: 6351095105424310814

236 MalarOregon the Digger (level 6, -6/48 HPs)
             Began as a Ghoul Earth Elementalist on July 12, 2019.
             Killed from afar by an orc wizard (11 damage)
             ... with a puff of flame
             ... on level 5 of the Dungeon.
             The game lasted 00:04:29 (4291 turns).

MalarOregon the Digger (Ghoul Earth Elementalist)   Turns: 4291, Time: 00:04:30

Health: -6/48      AC:  3    Str: 12    XL:     6   Next: 6%
Magic:  1/8        EV: 12    Int: 12    God:
Gold:   158        SH:  0    Dex:  9    Spells: 7/10 levels left

rFire    . . .     SeeInvis .   h - +0 whip (elec)
rCold    + . .     Gourm    .   (no shield)
rNeg     + + +     Faith    .   c - +0 robe
rPois    ∞         Spirit   .   (no helmet)
rElec    .         Reflect  .   (no cloak)
rCorr    .         Harm     .   (no gloves)
MR       .....                  m - +0 pair of boots
Stlth    ++........             (no amulet)
HPRegen  0.00/turn              (no ring)
MPRegen  0.11/turn              (no ring)

@: very slightly contaminated, rotting
A: rotting body, claws 1, carnivore, cold resistance 1, negative energy
resistance 3, inhibited regeneration, torment resistance, unbreathing
a: no special abilities


You were on level 5 of the Dungeon.
You were not hungry.

You visited 1 branch of the dungeon, and saw 5 of its levels.

You collected 158 gold pieces.

Inventory:

Hand Weapons
 h - a +0 whip of electrocution (weapon)
   (You took it off a kobold on level 1 of the Dungeon)
Missiles
 b - 137 stones (quivered)
Armour
 c - a +0 robe (worn)
 m - a +0 pair of boots (worn)
   (You found it on level 2 of the Dungeon)
Jewellery
 o - a cursed -3 ring of protection {unknown}
   (You found it on level 2 of the Dungeon)
Scrolls
 d - a scroll of magic mapping {unknown}
 g - 2 scrolls of remove curse {unknown}
 i - a scroll of random uselessness {unknown}
 j - 2 scrolls of identify {unknown}
 k - a scroll of enchant armour {unknown}
 l - a scroll of fear {unknown}
 p - a scroll of fog {unknown}
Potions
 a - a potion of haste {unknown}
 f - a potion of curing {unknown}
 q - a potion of berserk rage {unknown}
Comestibles
 e - 5 rations {!d}


   Skills:
 + Level 2.1 Fighting
 + Level 2.7 Dodging
 + Level 3.6 Stealth
 + Level 2.5 Spellcasting
 + Level 2.2 Transmutations
 + Level 4.2 Earth Magic


You had 7 spell levels left.
You knew the following spells:

 Your Spells              Type           Power        Failure   Level  Hunger
a - Sandblast             Erth           ##....       4%          1    #......
q - Passwall              Tmut/Erth      #.......     11%         2    ###....

Your spell library contained the following spells:

 Spells                   Type           Power        Failure   Level  Hunger
 Stone Arrow              Conj/Erth      #.....       32%         3    ###....
 Petrify                  Tmut/Erth      #.......     56%         4    #####..
 Lee's Rapid Deconstruct  Erth           ##........   77%         5    ######.


Dungeon Overview and Level Annotations

Branches:
Dungeon (6/15)
 Temple: D:4-7

Altars:
Ashenzari

Annotations:
D:3 3 runed translucent doors, dembora's ghost, amateur DsAK
D:6 1 transporter


Innate Abilities, Weirdness & Mutations

Your body is rotting away.
You thrive on raw meat.
You are immune to poison.
You have sharp fingernails.
You are carnivorous and can eat meat at any time.
Your flesh is cold resistant. (rC+)
You are immune to negative energy. (rN+++)
You do not regenerate when monsters are visible.
You are immune to unholy pain and torment.
You can survive without breathing.


Message History

You eat the chunk of flesh.
This raw flesh tastes great!
The orc wizard closely misses you.
Unknown command.
Aim: an orc wizard, wielding a +0 dagger and wearing a +0 robe The blast of sand hits the orc wizard.
b - 139 stones The orc barely misses you.
An orc wizard comes into view. It is wielding a +0 dagger of venom.
The orc wizard barely misses you.
Aim: an orc wizard, wielding a +0 dagger and wearing a +0 robe (moderately wounded)
The blast of sand hits the orc wizard.
b - 138 stones The orc completely misses you.
The orc wizard points at you and mumbles some strange words.
You resist with some effort.
The orc wizard casts a spell.
The orc wizard flickers and vanishes!
Deactivating autopickup; reactivate with Ctrl-A.
You don't have enough magic to cast that spell.
You hit the orc wizard.
Lightning courses through the orc wizard!!
You kill the orc wizard!
You have reached level 6!
Your experience leads to an increase in your attributes!
Increase (S)trength, (I)ntelligence, or (D)exterity?
You feel clever. The orc closely misses you.
An orc comes into view. It is wielding a +0 flail.
An orc comes into view. It is wielding a +0 falchion.
Things that are here:
a +0 dagger; a +0 robe You hit the orc but do no damage.
Lightning courses through the orc!
You kill the orc!
Aim: an orc, wielding a +0 whip The blast of sand hits the orc!
You kill the orc!
b - 137 stones You start resting.
Something hits you.
* * * LOW HITPOINT WARNING * * *
Unknown command.
The orc misses you. Something hits you.
* * * LOW HITPOINT WARNING * * *
The orc closely misses you.
You closely miss something. The orc barely misses you.
You hear some strange, mumbled words.
A puff of flame appears from out of thin air!
The puff of flame hits you!
You die...

#.>##.##.## ##
#..#......# ..
####.####.# ...
#......# ##....
##.##.## o#....
#......# ##o.....
###..###
##..o....
#......#
###..#...##
##.##@#### #...##
..#
##...oo..###)###
...
#.........##.# #.
#..........).#
#.........#######
#................
#..........######
#.........##
#.........#


You could see 2 orcs.

Vanquished Creatures
  A jelly (D:6)
  An orc wizard (D:5)
  An orc priest (D:5)
  Jessica (D:2)
  4 gnolls (D:2)
  An ooze (D:1)
  A worm (D:2)
  3 dart slugs
  5 orcs (D:5)
  2 giant cockroaches (D:1)
  6 goblins
  8 hobgoblins
  6 jackals
  A quokka (D:2)
  A ball python (D:2)
  6 bats
  3 frilled lizards
  9 kobolds
  4 rats
64 creatures vanquished.

Notes
Turn   | Place    | Note
-------+----------+-------------------------------------------
     0 | D:1      | MalarOregon the Ghoul Earth Elementalist began the quest
                  | for the Orb.
     0 | D:1      | Reached XP level 1. HP: 14/14 MP: 2/2
   452 | D:1      | Reached XP level 2. HP: 3/22 MP: 0/3
  1834 | D:1      | Learned a level 2 spell: Passwall
  1925 | D:1      | Reached skill level 1 in Transmutations
  2064 | D:1      | Reached XP level 3. HP: 26/26 MP: 3/5
  2474 | D:1      | Reached skill level 1 in Fighting
  2974 | D:2      | Found a shattered altar of Ashenzari.
  3298 | D:2      | Noticed Jessica
  3304 | D:2      | Killed Jessica
  3304 | D:2      | Reached XP level 4. HP: 35/35 MP: 6/6
  3427 | D:2      | Reached XP level 5. HP: 19/40 MP: 7/7
  3816 | D:3      | Found a runed translucent gate.
  3816 | D:3      | Found a runed translucent gate.
  3816 | D:3      | Found a runed translucent gate.
  3818 | D:3      | Noticed dembora's ghost (amateur DsAK)
  4035 | D:3      | You fall through a shaft for 3 floors!
  4040 | D:6      | Reached skill level 4 in Earth Magic
  4044 | D:6      | Found a transporter.
  4047 | D:6      | Noticed a wraith
  4053 | D:5      | Entered Level 5 of the Dungeon
  4270 | D:5      | HP: 2/40 [orc wizard/+0 dagger (4)]
  4275 | D:5      | Reached XP level 6. HP: 6/48 MP: 0/8
  4291 | D:5      | Killed from afar by an orc wizard

Skill      XL: |  1  2  3  4  5 |
---------------+----------------+-----
Dodging        | 2 |  2.7
Spellcasting   | 2 |  2.5
Transmutations | 1 2 |  2.2
Fighting       | 1 2 |  2.1
Stealth        | 3 |  3.6
Earth Magic    | 4 |  4.2

Action                   |  1- 3 |  4- 6 || total
-------------------------+-------+-------++-------
Melee: Unarmed           |    72 |       ||    72
       Whip              |    79 |    63 ||   142
 Cast: Sandblast         |    16 |     6 ||    22
 Stab: Sleeping          |     6 |     3 ||     9
  Eat: Chunk             |    21 |     2 ||    23
Armor: Robe              |    35 |    11 ||    46
Dodge: Dodged            |   131 |    50 ||   181
